 Dungeon Crawl Stone Soup version 0.18.1-48-g4cf74bf (webtiles) character file.

7 Joat the Caller (level 2, -4/13 HPs)
             Began as a Vine Stalker Summoner on Aug 14, 2016.
             Killed from afar by a dart slug (8 damage)
             ... with a slug dart
             ... on level 2 of the Dungeon.
             The game lasted 00:03:46 (463 turns).

Joat the Caller (Vine Stalker Summoner)              Turns: 463, Time: 00:03:47

Health: -4/13      AC:  2    Str: 10    XL:     2   Next: 4%
Magic:  0/6        EV: 17    Int: 15    God:
Gold:   50         SH:  0    Dex: 19    Spells: 1 memorised, 4 levels left

rFire  . . .     SeeInvis .     n - +0 short sword
rCold  . . .     Gourm    .     a - +0 robe
rNeg   . . .     Faith    .     (no shield)
rPois  .         Spirit   +     (no helmet)
rElec  .         Dismiss  .     (no cloak)
rCorr  .         Reflect  .     (no gloves)
SustAt .         Harm     .     (no boots)
MR     .....                    (no amulet)
Stlth  +++.......               (no ring)
                                (no ring)

@: agile, not resistant to hostile enchantments, fairly stealthy
A: fangs 2, regeneration 1, magic shield, antimagic bite, no device heal 3, rot
immunity
a: no special abilities


You were on level 2 of the Dungeon.
You were not hungry.

You visited 1 branch of the dungeon, and saw 2 of its levels.

You collected 50 gold pieces.

Inventory:

Hand Weapons
 d - a +0 club
 n - a +0 short sword (weapon)
Missiles
 e - 3 javelins (quivered)
 h - 8 tomahawks
Armour
 a - a +0 robe (worn)
Scrolls
 i - a scroll of fog {unknown}
 k - a scroll of amnesia {unknown}
Potions
 m - a potion of heal wounds {unknown}
Books
 b - a book of Callings

   Spells                             Type                      Level
   a - Summon Small Mammal            Summoning                    1
   b - Call Imp                       Summoning                    2
   c - Call Canine Familiar           Summoning                    3
   d - Summon Guardian Golem          Hexes/Summoning              3
   e - Summon Lightning Spire         Summoning/Air                4
   f - Summon Ice Beast               Ice/Summoning                4
Comestibles
 c - a bread ration
 f - a meat ration
 g - a chunk of flesh
 j - a royal jelly


   Skills:
 - Level 1.5 Dodging
 - Level 2.4 Stealth
 + Level 2.4 Spellcasting
 * Level 4.2 Summonings


You had 4 spell levels left.
You knew the following spells:

 Your Spells              Type           Power        Failure   Level  Hunger
a - Summon Small Mammal   Summ           ##..         4%          1    #......


Dungeon Overview and Level Annotations

Branches:
Dungeon (2/15)

Altars:


Innate Abilities, Weirdness & Mutations

You have extremely sharp teeth.
Your natural rate of healing is unusually fast.
When hurt, damage is shared between your health and your magic reserves.
Your bite disrupts and absorbs the magic of your enemies.
Potions and wands cannot restore your health.
You are immune to rotting.


Message History

Your rat bites the dart slug.
Your bat misses the kobold.
Your bat barely misses the kobold.
Your quokka barely misses the kobold.
Your rat bites the dart slug.
You miss the kobold.
Your bat closely misses the kobold.
Your quokka bites the kobold but does no damage.
The dart slug launches a dart at you. The slug dart hits you!
* * * LOW HITPOINT WARNING * * *
The kobold closely misses you.
Your rat bites the dart slug.
Drink which item? (? for menu, Esc to quit)
It was a potion of agility.
You feel agile all of a sudden. The kobold closely misses your bat.
Your quokka bites the kobold but does no damage.
Your bat hits the kobold. The kobold hits you but does no damage.
Your rat bites the dart slug but does no damage.
The dart slug launches a dart at you. The slug dart hits you!
Ouch! That really hurt!
You die...

.... ... ... ..#
#(# #.# #####.#
...##.@Kr<######
........bK.(......
...###............
. ......w...(.....
#..#..r.........
..$........#.#.#.
.##.#.........$..
#$......##.#.#.
###....#. ....


You could see a dart slug, 2 kobolds, a friendly quokka, a friendly bat and a
friendly rat.

Vanquished Creatures
  A hobgoblin (D:1)
  A giant newt (D:2)
2 creatures vanquished.

Vanquished Creatures (collateral kills)
  A bat (D:1)
  2 hobgoblins
  3 kobolds
  A goblin (D:1)
  2 rats (D:1)
9 creatures vanquished.

Grand Total: 11 creatures vanquished

Notes
Turn   | Place    | Note
--------------------------------------------------------------
     0 | D:1      | Joat the Vine Stalker Summoner began the quest for the Orb.
     0 | D:1      | Reached XP level 1. HP: 9/9 MP: 4/4
   456 | D:2      | Reached XP level 2. HP: 13/13 MP: 0/6
   463 | D:2      | Killed from afar by a dart slug

Action                   || total
-------------------------++-------
Melee: Short sword       ||     4
       Club              ||     1
       Unarmed           ||     1
 Cast: Summon Small Mamm ||    25
  Use: Potion            ||     1
Armor: Robe              ||     2
Dodge: Dodged            ||     7
